 Dungeon Crawl Stone Soup version 0.22-a0-430-g6609fc6 (webtiles) character file.

35 Jynxie the Sneak (level 3, -1/28 HPs)
             Began as a Demonspawn Assassin on May 27, 2018.
             Killed from afar by an orc wizard (3 damage)
             ... with a puff of flame
             ... on level 3 of the Dungeon.
             The game lasted 00:10:10 (1297 turns).

Jynxie the Sneak (Demonspawn Assassin)              Turns: 1297, Time: 00:10:11

Health: -1/28      AC:  8    Str: 11      XL:     3   Next: 17%
Magic:  3/3        EV: 10    Int: 14 (15) God:
Gold:   145        SH:  0    Dex: 14 (15) Spells: 2/2 levels left

rFire    + . .     SeeInvis .   a - +2 dagger
rCold    + . .     Gourm    .   (no shield)
rNeg     . . .     Faith    .   m - +0 ring mail (curse)
rPois    .         Spirit   .   (no helmet)
rElec    .         Reflect  .   d - +2 cloak
rCorr    .         Harm     .   (no gloves)
MR       .....                  (no boots)
Stlth    ..........             (no amulet)
HPRegen  0.09/turn              o - ring of protection from cold
MPRegen  0.08/turn              p - ring of protection from fire

@: confused, brilliant
A: hooves 1, deterioration 1, dopey 1, sense surroundings 1, powered by pain 1
a: no special abilities


You were on level 3 of the Dungeon.
You were not hungry.

You visited 1 branch of the dungeon, and saw 3 of its levels.

You collected 145 gold pieces.

Inventory:

Hand Weapons
 a - a +2 dagger (weapon)
 b - a +0 blowgun
Missiles
 f - 2 curare-tipped needles {!f}
 g - 21 poisoned needles
Armour
 c - a +0 robe
 d - a +2 cloak (worn)
 m - a cursed +0 ring mail (worn)
   (You found it on level 1 of the Dungeon)
 s - a +0 leather armour
   (You found it on level 2 of the Dungeon)
Jewellery
 k - an uncursed ring of protection from cold
   (You found it on level 2 of the Dungeon)
 o - a ring of protection from cold (left hand)
   (You found it on level 1 of the Dungeon)
 p - a ring of protection from fire (right hand)
   (You found it on level 2 of the Dungeon)
Scrolls
 h - a scroll of amnesia {unknown}
 i - a scroll of enchant armour
 j - a scroll of noise {!r}
 t - a scroll of identify {unknown}
Potions
 l - a potion of mutation {!q}
Comestibles
 e - 4 rations {!d}
 q - 10 chunks of flesh


   Skills:
 + Level 2.3 Fighting
 * Level 2.5 Short Blades
 - Level 2.0 Throwing
 - Level 1.0 Dodging
 - Level 4.0 Stealth


You had 2 spell levels left.
You didn't know any spells.
Your spell library was empty.

Dungeon Overview and Level Annotations

Branches:
Dungeon (3/15)

Altars:
Trog


Innate Abilities, Weirdness & Mutations

You sometimes gain a little power by taking damage.
You have large cloven feet.
Your body sometimes deteriorates upon taking damage.
You are dopey. (Int -2)
You passively map a small area around you.


Message History

* * * LOW HITPOINT WARNING * * *
The orc hits you but does no damage.
You bump into the rock wall.
Something hits you but does no damage.
The orc wizard hits you but does no damage.
The orc hits you but does no damage.
You miss something.
You hear some strange, mumbled words.
You are more confused.
The orc wizard hits you with a dagger.
* * * LOW HITPOINT WARNING * * *
The orc barely misses you.
You bump into the rock wall.
Something hits you.
* * * LOW HITPOINT WARNING * * *
The orc wizard barely misses you. The orc barely misses you.
You hit the orc. Your kick misses the orc.
Something hits you but does no damage.
The orc wizard hits you but does no damage.
The orc hits you but does no damage.
You bump into the rock wall.
Something hits you but does no damage.
The orc wizard gestures at you while chanting.
The puff of flame hits you! You resist.
* * * LOW HITPOINT WARNING * * *
The orc hits you.
* * * LOW HITPOINT WARNING * * *
You bump into the rock wall.
Something hits you but does no damage. The orc wizard casts a spell at you.
The puff of flame misses you.
The puff of flame hits something.
The orc closely misses you.
You miss the orc wizard. Your kick misses the orc wizard.
Something hits you but does no damage.
The orc wizard hits you but does no damage.
You bump into the rock wall.
The orc hits you but does no damage. Something hits you but does no damage.
The orc wizard barely misses you.
You hit the orc. Your kick misses the orc. The orc completely misses you.
Something hits you but does no damage.
The orc wizard hits you but does no damage.
You closely miss the orc wizard. The orc hits you.
* * * LOW HITPOINT WARNING * * *
Something hits you but does no damage.
You're too confused to move!
The orc wizard barely misses you. The orc closely misses you.
You hear some strange, mumbled words.
A puff of flame appears from out of thin air!
The puff of flame hits you! You resist.
You die...

#...#
###########..# ,
#...........# ,
#.#######.### #.#
#.# #.# #.# _ #.#
#.. , *
######.#########
,
........{@o{o....
##.#.##.o######.#
, # #.#.##...## ,
#. #.#.#.....##
,* #.#
#.#........# ,
...#.#.#.....## ,
#.#.#.##._.##
#.... *#...#
..###.#.####..##
,


You could see an orc wizard and 2 orcs.

Vanquished Creatures
  A worm (D:2)
  2 leopard geckos
  4 goblins
  2 hobgoblins (D:2)
  7 bats
  6 frilled lizards
  7 kobolds
  4 rats
33 creatures vanquished.

Notes
Turn   | Place    | Note
-------+----------+-------------------------------------------
     0 | D:1      | Jynxie the Demonspawn Assassin began the quest for the Orb.
     0 | D:1      | Reached XP level 1. HP: 16/16 MP: 1/1
    71 | D:1      | Reached skill level 1 in Dodging
   320 | D:1      | Gained mutation: You sometimes gain a little power by taking damage. [demonic ancestry]
   320 | D:1      | Reached XP level 2. HP: 22/22 MP: 2/2
  1003 | D:2      | Reached skill level 4 in Stealth
  1106 | D:2      | Reached XP level 3. HP: 27/27 MP: 3/3
  1233 | D:3      | Found a bloodstained altar of Trog.
  1276 | D:3      | Gained mutation: You have large cloven feet. [potion of mutation]
  1276 | D:3      | Gained mutation: You are dopey. (Int -2) [potion of mutation]
  1276 | D:3      | Gained mutation: Your body sometimes deteriorates upon taking damage. [potion of mutation]
  1276 | D:3      | Gained mutation: You passively map a small area around you. [potion of mutation]
  1297 | D:3      | Killed from afar by an orc wizard

Vault maps used:
D:1:      dpeg_arrival_water_temple_mockup
D:3:      gammafunk_temple_overflow_pools, bloody_trog, bloody_makhleb

Skill      XL: |  1  2 |
---------------+-------+-----
Dodging        | 1 |  1.0
Throwing       | 2 |  2.0
Short Blades   | 2 |  2.5
Stealth        | 4 |  4.0
Fighting       | |  2.3

Action                   || total
-------------------------++-------
Melee: Dagger            ||    97
  Use: Scroll            ||     3
       Potion            ||     3
 Stab: Sleeping          ||     6
  Eat: Chunk             ||     1
Armor: Ring mail         ||    39
       Robe              ||     2
Dodge: Dodged            ||    50

Table legend:
 A = Spawn XP
 B = Non-spawn XP
 C = Spawn XP percentage of total XP
 D = Spawn monster count
 E = Non-spawn monster count
 F = Spawn count percentage of total count
 G = Total turns spent on level
                    A         B        C        D         E        F      G
               +---------+---------+-------+---------+---------+-------+---------
         Total |       0 |      51 |   0.0 |       0 |      33 |   0.0 |  1297
               +---------+---------+-------+---------+---------+-------+---------
           D:1 |       0 |      19 |   0.0 |       0 |      14 |   0.0 |   668
           D:2 |       0 |      27 |   0.0 |       0 |      17 |   0.0 |   505
           D:3 |       0 |       5 |   0.0 |       0 |       2 |   0.0 |   124
               +---------+---------+-------+---------+---------+-------+---------
